 Dungeon Crawl Stone Soup version 0.25.0-1-g7eea58d2a3 (webtiles) character file.

Game seed: 17839415437614994631

37752 Nixze the Destroyer (level 13, -1/79 HPs)
             Began as a Gargoyle Fire Elementalist on June 13, 2020.
             Was a High Priest of Dithmenos.
             Killed from afar by a molten gargoyle (20 damage)
             ... with a bolt of magma
             ... on level 6 of the Lair of Beasts.
             The game lasted 01:09:43 (25549 turns).

Nixze the Destroyer (Gargoyle Fire Elementalist)   Turns: 25549, Time: 01:09:44

Health: -1/79      AC: 16    Str: 12    XL:     13   Next: 98%
Magic:  11/27      EV: 12    Int: 19    God:    Dithmenos [*****.]
Gold:   261        SH:  6    Dex: 10    Spells: 4/32 levels left

rFire    + . .     SeeInvis .   j - +3 dagger (venom)
rCold    . . .     Gourm    .   S - +0 buckler
rNeg     + . .     Faith    .   i - +2 robe {rF+}
rPois    ∞         Spirit   .   r - +0 helmet
rElec    +         Reflect  .   u - +0 cloak {Stlth+}
rCorr    +         Harm     .   z - +0 pair of gloves
MR       +++..                  (no boots)
Stlth    +++++.....             (no amulet)
HPRegen  0.23/turn              y - ring of the Townfolk {rPois MR++ rCorr Int-2 Stlth+}
MPRegen  0.20/turn              t - ring of protection from magic

@: very slightly contaminated, wreathed by umbra
A: negative energy resistance 1, electricity resistance, unbreathing,
petrification resistance, rot immunity, AC +9
a: Shadow Step, Shadow Form, Renounce Religion


You were on level 6 of the Lair of Beasts.
You worshipped Dithmenos.
Dithmenos was extremely pleased with you.
You were hungry.

You visited 2 branches of the dungeon, and saw 17 of its levels.

You collected 861 gold pieces.
You spent 600 gold pieces at shops.

Inventory:

Hand Weapons
 j - a +3 dagger of venom (weapon)
Missiles
 l - 99 poisoned darts (quivered)
Armour
 i - a +2 robe of fire resistance (worn)
 n - a +0 kite shield
 r - a +0 helmet (worn)
 u - a +0 cloak of stealth (worn)
 z - a +0 pair of gloves (worn)
 C - the +2 robe of Classification {Int+6}
   (You bought it in a shop on level 7 of the Dungeon)

   It affects your intelligence (+6).
 I - a +2 robe of cold resistance
 S - a +0 buckler (worn)
Jewellery
 t - a ring of protection from magic (right hand)
 y - the ring of the Townfolk (left hand) {rPois MR++ rCorr Int-2 Stlth+}
   (You bought it in a shop on level 10 of the Dungeon)

   [ring of resist corrosion]

   It affects your intelligence (-2).
   It protects you from poison.
   It affects your resistance to hostile enchantments.
   It provides partial protection from all sources of acid and corrosion.
   It makes you more stealthy.
 B - a +6 ring of intelligence
 G - an uncursed ring of wizardry
 N - an uncursed ring of magical power
 O - a cursed ring of wizardry
Wands
 k - a wand of clouds (7)
 m - a wand of random effects (71)
 o - a wand of flame (50)
 p - a wand of iceblast (4)
 v - a wand of disintegration (30)
 w - a wand of digging (6)
Scrolls
 a - a scroll of magic mapping
 b - 4 scrolls of enchant weapon
 d - 5 scrolls of teleportation
 e - 2 scrolls of immolation
 h - 11 scrolls of identify
 q - 3 scrolls of enchant armour
 D - 3 scrolls of amnesia
 E - 3 scrolls of fog
 K - 3 scrolls of remove curse
 M - 3 scrolls of acquirement
 Q - 2 scrolls of summoning {unknown}
 R - 2 scrolls of noise {unknown}
Potions
 f - 5 potions of mutation
 g - a potion of magic
 s - a potion of resistance
 x - a potion of invisibility
 A - 3 potions of brilliance
 F - a potion of ambrosia
 H - a potion of curing
 J - a potion of stabbing
Miscellaneous
 P - a phantom mirror
Comestibles
 c - 29 rations
 T - 2 chunks of flesh


   Skills:
 + Level 8.4 Fighting
 - Level 1.7 Dodging
 - Level 3.0 Stealth
 * Level 11.6 Shields
 + Level 10.2 Spellcasting
 - Level 12.0 Conjurations
 - Level 3.0 Hexes
 * Level 5.2 Charms
 * Level 10.0 Fire Magic
 - Level 5.0 Earth Magic
 + Level 3.9 Invocations


You had 4 spell levels left.
You knew the following spells:

 Your Spells              Type           Power        Failure   Level  Hunger
a - Foxfire               Conj/Fire      ####         1%          1    None
b - Inner Flame           Hex/Fire       ####....     1%          3    None
c - Sticky Flame          Conj/Fire      ######..     1%          4    ##.....
d - Fireball              Conj/Fire      ######....   2%          5    #####..
e - Apportation           Tloc           #.....       8%          1    None
f - Passwall              Tmut/Erth      ###.....     4%          2    None
g - Bolt of Magma         Conj/Fire/Erth #####.....   4%          5    #####..
h - Ring of Flames        Chrm/Fire      #####.....   95%         7    #######

Your spell library contained the following spells:

 Spells                   Type           Power        Failure   Level  Hunger
 Infusion                 Chrm           ####         1%          1    None
 Shock                    Conj/Air       ####         1%          1    None
 Song of Slaying          Chrm           ####....     1%          2    None
 Conjure Flame            Conj/Fire      ######..     1%          3    None
 Static Discharge         Conj/Air       ####....     1%          3    None
 Stone Arrow              Conj/Erth      #####.       1%          3    None
 Corona                   Hex            ###....      2%          1    None
 Shroud of Golubria       Chrm/Tloc      ###...       3%          2    None
 Swiftness                Chrm/Air       ###.....     3%          2    None
 Spectral Weapon          Hex/Chrm       ####....     4%          3    None
 Ignite Poison            Fire/Tmut/Pois ###.....     5%          3    None
 Confusing Touch          Hex            ###.....     6%          3    None
 Animate Skeleton         Necr           N/A          8%          1    None
 Beastly Appendage        Tmut           #.....       8%          1    None
 Pain                     Necr           #...         8%          1    None
 Summon Small Mammal      Summ           #...         8%          1    None
 Ozocubu's Armour         Chrm/Ice       ###.....     8%          3    None
 Call Imp                 Summ           #.......     11%         2    None
 Sticks to Snakes         Tmut           #.......     11%         2    None
 Summon Guardian Golem    Hex/Summ       ###.....     12%         3    None
 Call Canine Familiar     Summ           #.......     22%         3    None
 Gell's Gravitas          Tloc           #.........   22%         3    None
 Spider Form              Tmut/Pois      #.........   22%         3    None
 Vampiric Draining        Necr           #.........   22%         3    None
 Petrify                  Tmut/Erth      ###.....     26%         4    ##.....
 Airstrike                Air            #.........   58%         4    ##.....
 Animate Dead             Necr           N/A          58%         4    ##.....
 Ice Form                 Ice/Tmut       #.......     58%         4    ##.....
 Summon Ice Beast         Ice/Summ       #.......     58%         4    ##.....
 Summon Lightning Spire   Summ/Air       #.......     58%         4    ##.....
 Irradiate                Conj/Tmut      ####......   17%         5    #####..
 Lightning Bolt           Conj/Air       ####......   17%         5    #####..
 Lee's Rapid Deconstruct  Erth           ####......   26%         5    #####..
 Metabolic Englaciation   Hex/Ice        ###.......   73%         5    #####..
 Yara's Violent Unravell  Hex/Tmut       ###.......   73%         5    #####..
 Agony                    Necr           #.......     90%         5    #####..
 Alistair's Intoxication  Tmut/Pois      #.......     90%         5    #####..
 Blade Hands              Tmut           #.........   90%         5    #####..
 Eringya's Noxious Bog    Tmut/Pois      #.........   100%        6    ######.
 Sublimation of Blood     Necr           Unusable     N/A         2    N/A

Dungeon Overview and Level Annotations

Branches:
Dungeon (11/15)            Temple (0/1) D:7            Lair (6/6) D:10
  Swamp (0/4) Lair:3        Snake (0/4) Lair:3          Orc (0/2) D:9
  Slime: Lair:5-6

Altars:
Ashenzari
Dithmenos
Elyvilon
Gozag
Kikubaaqudgha
Makhleb
Nemelex Xobeh
Okawaru
Qazlal
Ru
Sif Muna
Wu Jian
Zin
Jiyva

Shops:
D:7 [   D:10 =

Annotations:
D:10 3 runed translucent doors, Fv001's ghost, journeyman FoFE
Lair:4 1 runed translucent door, Fifowuza's ghost, journeyman DrTm
Lair:6 2 runed translucent doors


Innate Abilities, Weirdness & Mutations

You are resistant to torment.
Your stone body is resilient. (AC +9)
You are immune to poison.
You resist negative energy. (rN+)
You are resistant to electric shocks. (rElec)
You can survive without breathing.
You are immune to petrification.
You are immune to rotting.


Message History

Aiming: Bolt of Magma (dangerous; 4% risk of failure)
Press: ? - help, Shift-Dir - straight line, f/p - molten gargoyle
Aim: a molten gargoyle, wielding a +0 mace (severely damaged, umbra)
The bolt of magma hits the molten gargoyle.
The molten gargoyle partially resists.
The molten gargoyle is severely damaged.
You are feeling hungry.
The molten gargoyle closely misses you.
Casting: Bolt of Magma (dangerous; 4% risk of failure)
Confirm with . or Enter, or press ? or * to list all spells.
Aiming: Bolt of Magma (dangerous; 4% risk of failure)
Press: ? - help, Shift-Dir - straight line, f/p - molten gargoyle
Aim: a molten gargoyle, wielding a +0 mace (severely damaged, umbra)
You miscast Bolt of Magma.
You are very lightly contaminated with residual magic.
You are blasted with magical energy!
* * * LOW HITPOINT WARNING * * *
The molten gargoyle blasts magma at you!
The bolt of magma hits you!! You partially resist.
You die...

.....# ##......[..#8#
.....# #8#8#.....## #
.....# ######....# P....#
##...# #....## #..##
..†...## #..# .......#
######.## ......###
####.#.#.#.##.
........###....#@9#.......
.##.....##................
###..............P(........
#.....#.#P...P#..........
#...PP........##.........
###...........### .P.......
#..............# #P......
##........÷....# P.....
##............## #....


You could see a molten gargoyle.

Vanquished Creatures
  4 hydras
  Erolcha (D:10)
  A death yak (Lair:2)
  An oklob plant (Lair:3)
  7 black mambas
  2 elephants
  Psyche (D:8)
  2 torpor snails (Lair:2)
  11 spiny frogs
  2 rime drakes
  10 komodo dragons
  2 polar bears
  A troll (D:11)
  5 blink frogs
  A bog body (Lair:3)
  10 hippogriffs
  4 dream sheep (Lair:2)
  A spriggan (D:10)
  Sigmund (D:4)
  A wraith (D:10)
  3 wyverns
  3 steam dragons (Lair:6)
  33 yaks
  The ghost of spacerossing the Chopper, an amateur HOFi (D:3)
  5 basilisks
  Eustachio (D:4)
  3 wargs (D:10)
  2 hell hounds
  5 nagas (Lair:3)
  10 water moccasins
  11 porcupines
  2 orc warriors
  A sky beast (D:9)
  A black bear (D:10)
  A hornet zombie (D:9)
  An eye of draining (D:10)
  5 ice beasts
  A phantom (D:4)
  4 centaurs
  8 ogres
  7 wolves
  9 crocodiles
  2 big kobolds
  18 bullfrogs
  A wyvern skeleton (D:10)
  5 scorpions
  34 killer bees
  7 howler monkeys
  2 lava snakes (Lair:6)
  Crazy Yiuf (D:2)
  A jelly (D:7)
  2 centaur skeletons
  3 orc priests
  5 hounds
  6 orc wizards
  Ijyb (D:5)
  11 worker ants
  5 iguanas
  A hell rat (Lair:3)
  A hound zombie (D:8)
  A worker ant zombie (D:8)
  11 adders
  3 gnolls (D:4)
  A river rat (Lair:3)
  4 shadow imps
  An ooze (D:3)
  An adder skeleton (D:4)
  10 worms
  A dart slug (D:4)
  5 leopard geckos
  38 orcs
  2 ball pythons
  9 giant cockroaches
  5 goblins
  8 hobgoblins
  11 jackals
  2 quokkas
  8 bats
  5 frilled lizards
  A jackal skeleton (D:4)
  17 kobolds
  2 quokka skeletons
  5 rats
442 creatures vanquished.

Vanquished Creatures (collateral kills)
  A frilled lizard (D:2)
  A rat (D:2)
  A fungus (Lair:4)
3 creatures vanquished.

Vanquished Creatures (others)
  A bush (Lair:3)
  1584 foxfires
  9 plants
1594 creatures vanquished.

Grand Total: 2039 creatures vanquished

Notes
Turn   | Place    | Note
-------+----------+-------------------------------------------
     0 | D:1      | Nixze the Gargoyle Fire Elementalist began the quest for
                  | the Orb.
     0 | D:1      | Reached XP level 1. HP: 10/10 MP: 3/3
   184 | D:1      | Reached XP level 2. HP: 15/15 MP: 1/5
   627 | D:2      | Reached skill level 2 in Conjurations
   627 | D:2      | Reached XP level 3. HP: 19/19 MP: 2/6
   845 | D:2      | Found a runed translucent door.
   846 | D:2      | Noticed Crazy Yiuf
   854 | D:2      | Learned a level 3 spell: Inner Flame
  1279 | D:2      | Found a white marble altar of Elyvilon.
  1379 | D:2      | Reached XP level 4. HP: 24/24 MP: 4/7
  1635 | D:2      | Learned a level 4 spell: Sticky Flame
  2332 | D:3      | Reached skill level 3 in Conjurations
  2541 | D:3      | Reached XP level 5. HP: 24/28 MP: 3/9
  2780 | D:3      | Found a glowing silver altar of Zin.
  2819 | D:3      | Found a runed translucent door.
  2825 | D:3      | Noticed spacerossing's ghost (amateur HOFi)
  3131 | D:4      | Noticed a phantom
  3217 | D:4      | Killed a phantom
  3217 | D:4      | Reached skill level 4 in Conjurations
  3217 | D:4      | Reached skill level 1 in Hexes
  3217 | D:4      | Reached XP level 6. HP: 27/32 MP: 2/10
  3349 | D:4      | Noticed Sigmund
  3360 | D:4      | Killed Sigmund
  3360 | D:4      | Reached skill level 5 in Fire Magic
  3373 | D:4      | Reached XP level 7. HP: 30/36 MP: 0/11
  3477 | D:4      | Reached skill level 5 in Conjurations
  3961 | D:4      | Noticed Eustachio
  3982 | D:4      | Killed Eustachio
  4267 | D:4      | Found a shadowy altar of Dithmenos.
  4281 | D:4      | Found an iron altar of Okawaru.
  4284 | D:4      | Found an opulent altar of Gozag.
  4288 | D:4      | Found a burning altar of Makhleb.
  4299 | D:4      | Became a worshipper of Dithmenos the Shadowed
  4716 | D:4      | Reached XP level 8. HP: 41/41 MP: 7/13
  5225 | D:5      | Entered Level 5 of the Dungeon
  5284 | D:5      | Reached skill level 6 in Conjurations
  5793 | D:5      | Found an ornate altar of the Wu Jian Council.
  5949 | D:5      | Found a shimmering blue altar of Sif Muna.
  6033 | D:5      | Noticed Ijyb
  6059 | D:5      | Killed Ijyb
  6336 | D:5      | Learned a level 5 spell: Fireball
  6338 | D:5      | Learned a level 1 spell: Apportation
  6381 | D:5      | Reached * piety under Dithmenos
  6418 | D:5      | Found a stormy altar of Qazlal.
  6418 | D:5      | Found a sparkling altar of Nemelex Xobeh.
  6704 | D:2      | Killed Crazy Yiuf
  7043 | D:3      | Reached skill level 7 in Conjurations
  7061 | D:3      | Killed spacerossing's ghost
  7061 | D:3      | Reached XP level 9. HP: 20/45 MP: 0/16
  7834 | D:6      | Reached skill level 11 in Conjurations
  7834 | D:6      | Reached XP level 10. HP: 50/50 MP: 16/23
  8089 | D:6      | Found a shattered altar of Ashenzari.
  8450 | D:6      | Reached skill level 1 in Fighting
  8559 | D:7      | Reached skill level 1 in Shields
  8598 | D:7      | Reached ** piety under Dithmenos
  8947 | D:7      | Found a staircase to the Ecumenical Temple.
  9084 | D:7      | Found Kutum's Antique Armour Emporium.
  9622 | D:8      | Noticed Psyche
  9628 | D:8      | Killed Psyche
  9628 | D:8      | Reached skill level 12 in Conjurations
 10090 | D:8      | Found an ancient bone altar of Kikubaaqudgha.
 10175 | D:7      | Bought a faintly humming robe for 142 gold pieces
 10185 | D:7      | Identified the +2 robe of Classification {Int+6} (You
                  | bought it in a shop on level 7 of the Dungeon)
 10324 | D:9      | Reached XP level 11. HP: 57/57 MP: 18/24
 10716 | D:9      | Found a staircase to the Orcish Mines.
 10732 | D:9      | Reached *** piety under Dithmenos
 10940 | D:9      | Found a sacrificial altar of Ru.
 11190 | D:9      | HP: 2/59 [cloud of flame (10)]
 12000 | D:10     | Entered Level 10 of the Dungeon
 12000 | D:10     | Noticed Fv001's ghost (journeyman FoFE)
 12169 | D:10     | Reached skill level 10 in Spellcasting
 12229 | D:10     | Noticed Erolcha
 12234 | D:10     | Killed Erolcha
 12234 | D:10     | Reached skill level 5 in Shields
 12719 | D:10     | Reached **** piety under Dithmenos
 12936 | D:10     | Found a runed translucent gate.
 12939 | D:10     | Found a runed translucent gate.
 12941 | D:10     | Found a runed translucent gate.
 13168 | D:10     | Found a staircase to the Lair.
 13445 | D:10     | Found Qunwer's Jewellery Shop.
 13525 | Lair:1   | Entered Level 1 of the Lair of Beasts
 13945 | Lair:1   | Reached skill level 5 in Fighting
 14565 | Lair:2   | Noticed a five-headed hydra
 14570 | Lair:2   | Killed a five-headed hydra
 14984 | Lair:2   | Reached XP level 12. HP: 69/69 MP: 21/26
 15186 | Lair:2   | Noticed an eight-headed hydra
 15192 | Lair:2   | Killed an eight-headed hydra
 15554 | D:10     | Bought the ring of the Townfolk {rPois MR++ rCorr Int-2
                  | Stlth+} for 458 gold pieces
 16456 | Lair:2   | Identified 2 scrolls of acquirement
 16464 | Lair:2   | Got the Grimoire of the Monkey's Uncle
 16469 | Lair:2   | Learned a level 2 spell: Passwall
 16475 | Lair:2   | Learned a level 5 spell: Bolt of Magma
 16483 | Lair:2   | Learned a level 7 spell: Ring of Flames
 16520 | Lair:2   | Noticed a death yak
 17028 | Lair:2   | Killed a death yak
 17028 | Lair:2   | Reached skill level 1 in Earth Magic
 17148 | Lair:2   | Reached skill level 10 in Shields
 17148 | Lair:2   | Reached skill level 1 in Charms
 17988 | Lair:3   | Reached ***** piety under Dithmenos
 18628 | Lair:3   | Found a staircase to the Swamp.
 18655 | Lair:3   | Reached skill level 1 in Invocations
 19264 | Lair:3   | Reached XP level 13. HP: 68/76 MP: 21/27
 20271 | Lair:3   | Found a staircase to the Snake Pit.
 21013 | Lair:4   | Reached skill level 5 in Earth Magic
 22181 | Lair:4   | Found a runed translucent door.
 22181 | Lair:4   | Noticed Fifowuza's ghost (journeyman DrTm)
 23794 | Lair:6   | Entered Level 6 of the Lair of Beasts
 23794 | Lair:6   | Found a runed translucent door.
 23794 | Lair:6   | Found a viscous altar of Jiyva.
 24359 | Lair:6   | Reached skill level 5 in Charms
 25174 | Lair:6   | Reached skill level 10 in Fire Magic
 25411 | Lair:6   | Found a large runed translucent door.
 25549 | Lair:6   | Killed from afar by a molten gargoyle

Illustrated notes

Levels and vault maps discovered:
D:1:      dpeg_arrival_shelter, layout_rooms
D:2:      layout_basic, lemuel_crystal_altar, uniq_crazy_yiuf_cottage
D:3:      layout_basic, lemuel_crystal_altar, ebering_ghost_sewer_d,
          first_ration
D:4:      minmay_evil_eye, layout_basic, minitemple,
          hangedman_abyss_or_decor_lesser_grid, uniq_eustachio, uniq_sigmund
D:5:      layout_basic, kennysheep_mini_moat, nicolae_overflow_crystal_walls,
          gammafunk_temple_overflow_elements, uniq_ijyb
D:6:      layout_rooms, cheibrodos_ashenzari_chains
D:7:      layout_loops_ring, temple_hall, serial_shops, shop
D:8:      layout_rooms, lemuel_coloured_pillars_altar, uniq_psyche
D:9:      layout_loops_ring, lemuel_round_altar, david_orc_2,
          chequers_serial_rivers_micro_c
D:10:     layout_rooms, erik_lair_orcish_takeover, gammafunk_ghost_split,
          serial_shops, shop, the_bakery, roderic_serpentine_path, uniq_erolcha
D:11:     layout_small_grid, enter_trove_3, basic_altar
Lair:1:   layout_loops_ring, grunt_megastairs_1, infiniplex_staircase_pool,
          lemuel_fruit_fields
Lair:2:   layout_cave_pods, grunt_megastairs_2
Lair:3:   regret_index_wax_grids, layout_chaotic_city,
          skrybe_swamp_entry_bodies, minmay_snake_entry_guardpost_large,
          minmay_lair_oklob_chamber
Lair:4:   layout_concentric_octagons, gammafunk_ghost_grave
Lair:5:   layout_regular_city, grunt_megastairs_5, lemuel_fruit_tree
Lair:6:   cheibrodos_lair_end_hotspot, layout_cave_pods, slime_altar_2,
          chequers_serial_rivers_small_3, infiniplex_staircase_pool_2

Skill      XL: |  1  2  3  4  5  6  7  8  9 10 11 12 13 |
---------------+----------------------------------------+-----
Conjurations   | 2 3 4 5 7 11 12 | 12.0
Fire Magic     | 4 5 7 8 10 | 10.0
Spellcasting   | 3 4 9 10 | 10.2
Hexes          | 1 2 3 |  3.0
Stealth        | 3 |  3.0
Fighting       | 2 5 7 8 |  8.4
Shields        | 2 8 10 11 | 11.6
Earth Magic    | 4 5 |  5.0
Charms         | 3 5 |  5.2
Invocations    | 1 3 |  3.9
Dodging        | |  1.7

Action                   |  1- 3 |  4- 6 |  7- 9 | 10-12 | 13-15 || total
-------------------------+-------+-------+-------+-------+-------++-------
Melee: Dagger            |    13 |    29 |    37 |   184 |    89 ||   352
Throw: Dart              |     3 |     2 |       |       |       ||     5
 Cast: Foxfire           |    46 |    79 |   194 |   463 |   189 ||   971
       Inner Flame       |       |       |     1 |     5 |     2 ||     8
       Sticky Flame      |       |       |     1 |    72 |    52 ||   125
       Fireball          |       |       |       |    53 |    21 ||    74
       Bolt of Magma     |       |       |       |       |    31 ||    31
  Use: Scroll            |       |       |    11 |    15 |     1 ||    27
       Potion            |       |       |     1 |       |     1 ||     2
  Eat: Chunk             |     2 |     6 |    14 |    32 |    23 ||    77
       Ration            |       |       |       |     4 |     3 ||     7
Armor: Robe              |     3 |    24 |    33 |   178 |    66 ||   304
Dodge: Dodged            |    13 |    21 |    53 |   245 |    95 ||   427
Block: Buckler           |       |       |       |       |    14 ||    14
